General information
- name: BNet
- type: Ladder team game (AT/RT)
- host: Battle.net
- saver: bathroom.brb.
map: GolemsInTheMist
- players: 8
- length: 59:25
- speed: Fast
- version: 1.26 W3XP
- replay type: Public
» download(295 KB)
Players
team 1 (loser)

»
JeDI_Adrian (
purple | 27 APM | 1599 actions | 59:25)
4 Archmage
2 Summon Water Elemental
2 Brilliance Aura
» actions
| Assign group hotkey | 109 | |
| Basic commands | 9 | |
| Build / train | 49 | |
| ESC pressed | 1 | |
| Enter build submenu | 30 | |
| Enter hero's abilities submenu | 4 | |
| Remove unit from queue | 8 | |
| Right click | 521 | |
| Select / deselect | 286 | |
| Select group hotkey | 477 | |
| Use ability | 105 | |
1599 total
» units
| Peasant | 14 | |
| Footman | 3 | |
| Rifleman | 2 | |
| Goblin Shredder | 1 | |
| Dragonhawk Rider | 3 | |
| Gryphon Rider | -2 | |
21 total
» upgrades
| Masonry | 2 | |
| Armor | 2 | |
| Swords | 1 | |
| Storm Hammers | 1 | |
| Animal War Training | 1 | |
7 total
» buildings
| Barracks | 1 | |
| Altar of Kings | 2 | |
| Farm | 13 | |
| Blacksmith | 1 | |
| Lumber Mill | 1 | |
| Scout Tower | 11 | |
| Arcane Vault | 1 | |
| Arcane Tower | 1 | |
| Keep | 2 | |
| Town Hall | 3 | |
| Guard Tower | 1 | |
| Castle | 1 | |
| Gryphon Aviary | 3 | |
41 total
» build order
00:08 Barracks
00:13 Altar of Kings
00:25 Farm
01:07 Farm
01:41 Blacksmith
02:03 Lumber Mill
02:10 Scout Tower
02:43 Farm
02:46 Farm
03:02 Arcane Vault
03:03 Arcane Tower
03:25 Farm
03:53 Keep
03:56 Farm
04:50 Farm
04:51 Farm
06:27 Town Hall
06:30 Scout Tower
06:31 Scout Tower
06:34 Scout Tower
06:35 Scout Tower
06:36 Scout Tower
07:52 Guard Tower
09:15 Guard Tower
09:55 Scout Tower
09:56 Scout Tower
10:10 Castle
10:23 Gryphon Aviary
10:25 Gryphon Aviary
10:51 Gryphon Aviary
11:36 Guard Tower
13:31 Guard Tower
13:37 Scout Tower
13:38 Scout Tower
13:39 Scout Tower
13:54 Farm
13:55 Farm
13:56 Farm
13:56 Farm
13:57 Farm
15:51 Town Hall
16:00 Town Hall
16:58 Keep
20:43 Altar of Kings
» items
| Scroll of Regeneration | 1 | |
| Lesser Clarity Potion | 1 | |
| Mechanical Critter | 1 | |
3 total

»
wargod_101i (
orange | 42 APM | 1376 actions | 32:23)
4 Mountain King
2 Storm Bolt
2 Bash
3 Paladin
2 Holy Light
1 Divine Shield
» actions
| Assign group hotkey | 25 | |
| Basic commands | 29 | |
| Build / train | 61 | |
| Enter build submenu | 23 | |
| Enter hero's abilities submenu | 7 | |
| Right click | 597 | |
| Select / deselect | 335 | |
| Select group hotkey | 243 | |
| Use ability | 56 | |
1376 total
» units
| Peasant | 10 | |
| Rifleman | 6 | |
| Mortar Team | 6 | |
| Siege Engine | 7 | |
29 total
» upgrades
| Gunpowder | 2 | |
| Armor | 1 | |
| Long Rifles | 1 | |
| Fragmentation Shards | 1 | |
| Barrage | 1 | |
| Lumber Harvesting | 1 | |
| Plating | 2 | |
9 total
» buildings
| Altar of Kings | 1 | |
| Farm | 11 | |
| Blacksmith | 1 | |
| Barracks | 2 | |
| Scout Tower | 2 | |
| Arcane Tower | 1 | |
| Arcane Vault | 1 | |
| Lumber Mill | 1 | |
| Keep | 1 | |
| Workshop | 2 | |
| Castle | 1 | |
| Gryphon Aviary | 2 | |
26 total
» build order
00:05 Altar of Kings
00:08 Farm
00:50 Blacksmith
01:35 Barracks
02:16 Scout Tower
02:31 Farm
02:41 Farm
02:47 Arcane Tower
02:51 Barracks
04:24 Arcane Vault
04:44 Farm
05:11 Farm
05:16 Lumber Mill
05:33 Farm
05:39 Farm
05:43 Keep
06:12 Farm
06:26 Farm
09:13 Workshop
09:46 Farm
09:49 Castle
11:34 Farm
11:52 Gryphon Aviary
12:21 Gryphon Aviary
13:50 Workshop
20:36 Scout Tower
» items
| Scroll of Town Portal | 3 | |
| Scroll of Regeneration | 3 | |
| Lesser Clarity Potion | 1 | |
| Potion of Healing | 3 | |
10 total
gaybotgaylord (
pink | 27 APM | 1590 actions | 59:25)
4 Tauren Chieftain
2 Shockwave
2 Endurance Aura
3 Shadow Hunter
2 Healing Wave
1 Hex
3 Blademaster
1 Wind Walk
2 Critical Strike
» actions
| Assign group hotkey | 15 | |
| Basic commands | 19 | |
| Build / train | 101 | |
| Enter build submenu | 45 | |
| Enter hero's abilities submenu | 10 | |
| Give item / drop item | 2 | |
| Right click | 569 | |
| Select / deselect | 553 | |
| Select group hotkey | 134 | |
| Use ability | 142 | |
1590 total
» units
| Peon | 27 | |
| Grunt | 17 | |
| Goblin Zeppelin | 2 | |
| Shaman | 4 | |
| Troll Witch Doctor | 3 | |
| Tauren | 3 | |
| Raider | 1 | |
57 total
» upgrades
| Pillage | 1 | |
| Berserker Strength | 1 | |
| Melee Weapons | 2 | |
| Armor | 2 | |
| Spiked Barricades | 1 | |
| Shaman Training | 2 | |
| Reinforced Defenses | 1 | |
| Witch Doctor Training | 2 | |
| Ensnare | 1 | |
| Masonry | 1 | |
14 total
» buildings
| Orc Burrow | 17 | |
| Altar of Storms | 3 | |
| Barracks | 2 | |
| Voodoo Lounge | 1 | |
| Stronghold | 1 | |
| War Mill | 4 | |
| Great Hall | 5 | |
| Fortress | 1 | |
| Watch Tower | 4 | |
| Spirit Lodge | 2 | |
| Beastiary | 1 | |
| Tauren Totem | 2 | |
43 total
» build order
00:12 Orc Burrow
00:27 Altar of Storms
01:28 Orc Burrow
01:38 Barracks
02:08 Barracks
02:30 Voodoo Lounge
03:10 Orc Burrow
05:03 Stronghold
06:36 War Mill
08:13 Great Hall
08:35 Fortress
08:41 Orc Burrow
10:13 Watch Tower
11:30 Spirit Lodge
11:35 Watch Tower
13:49 Spirit Lodge
13:55 Beastiary
15:18 Orc Burrow
15:34 Great Hall
20:59 Tauren Totem
21:05 Tauren Totem
25:21 Watch Tower
25:31 Watch Tower
29:05 Orc Burrow
29:52 Orc Burrow
29:57 War Mill
30:03 Orc Burrow
30:12 Great Hall
30:20 Orc Burrow
30:26 Orc Burrow
30:45 Altar of Storms
31:35 Orc Burrow
32:12 Orc Burrow
32:45 Great Hall
33:13 War Mill
33:21 Orc Burrow
33:46 War Mill
33:58 Orc Burrow
34:20 Orc Burrow
35:15 Orc Burrow
37:08 Altar of Storms
37:17 Great Hall
37:57 Orc Burrow
» items
| Healing Salve | 4 | |
| Orb of Lightning | 2 | |
| Potion of Healing | 4 | |
| Lesser Clarity Potion | 2 | |
| Scroll of Speed | 2 | |
| Scroll of Town Portal | 1 | |
15 total
bathroom.brb. (
red | 50 APM | 2955 actions | 59:25)
6 Shadow Hunter
2 Hex
3 Healing Wave
1 Big Bad Voodoo
» actions
| Assign group hotkey | 29 | |
| Basic commands | 156 | |
| Build / train | 67 | |
| Enter build submenu | 34 | |
| Enter hero's abilities submenu | 6 | |
| Give item / drop item | 1 | |
| Remove unit from queue | 5 | |
| Right click | 988 | |
| Select / deselect | 367 | |
| Select group hotkey | 1023 | |
| Use ability | 279 | |
2955 total
» units
| Peon | 18 | |
| Goblin Shredder | 1 | |
| Demolisher | 1 | |
| Wind Rider | 8 | |
| Goblin Sapper | 10 | |
38 total
» upgrades
| Ranged Weapons | 3 | |
| Armor | 3 | |
| Reinforced Defenses | 1 | |
| Envenomed Spears | 1 | |
8 total
» buildings
| Altar of Storms | 1 | |
| Orc Burrow | 7 | |
| Barracks | 1 | |
| Voodoo Lounge | 1 | |
| War Mill | 1 | |
| Stronghold | 1 | |
| Watch Tower | 34 | |
| Beastiary | 4 | |
| Fortress | 1 | |
| Great Hall | 1 | |
52 total
» build order
00:08 Altar of Storms
00:15 Orc Burrow
00:28 Barracks
01:23 Orc Burrow
01:55 Voodoo Lounge
02:21 War Mill
02:57 Stronghold
03:24 Orc Burrow
04:51 Watch Tower
04:52 Watch Tower
05:43 Watch Tower
05:50 Beastiary
05:53 Beastiary
06:35 Fortress
06:39 Watch Tower
07:35 Beastiary
09:15 Great Hall
09:18 Watch Tower
09:19 Watch Tower
09:20 Watch Tower
09:47 Beastiary
10:19 Watch Tower
10:24 Watch Tower
10:58 Watch Tower
11:37 Orc Burrow
11:38 Orc Burrow
12:02 Orc Burrow
13:09 Watch Tower
13:09 Watch Tower
13:14 Watch Tower
14:26 Orc Burrow
15:44 Watch Tower
15:44 Watch Tower
15:57 Watch Tower
16:09 Watch Tower
16:59 Watch Tower
20:25 Watch Tower
20:25 Watch Tower
22:17 Watch Tower
22:18 Watch Tower
22:18 Watch Tower
22:19 Watch Tower
22:19 Watch Tower
26:20 Watch Tower
26:21 Watch Tower
26:47 Watch Tower
26:48 Watch Tower
27:45 Watch Tower
27:45 Watch Tower
» items
| Tiny Great Hall | 1 | |
| Scroll of Town Portal | 1 | |
| Orb of Lightning | 1 | |
| Potion of Healing | 1 | |
| Potion of Mana | 2 | |
| Healing Salve | 1 | |
7 total
team 2 (winner)

»
tribune (
green | 32 APM | 1879 actions | 59:25)
7 Demon Hunter
3 Mana Burn
3 Evasion
1 Metamorphosis
» actions
| Assign group hotkey | 11 | |
| Basic commands | 70 | |
| Build / train | 50 | |
| Enter build submenu | 20 | |
| Enter hero's abilities submenu | 7 | |
| Right click | 572 | |
| Select / deselect | 380 | |
| Select group hotkey | 652 | |
| Use ability | 115 | |
1879 total
» units
| Wisp | 13 | |
| Huntress | 3 | |
| Druid of the Claw | 8 | |
| Goblin Zeppelin | 1 | |
25 total
» upgrades
| Strength of the Wild | 3 | |
| Reinforced Hides | 3 | |
| Druid of the Claw Training | 2 | |
| Mark of the Claw | 1 | |
| Well Spring | 1 | |
10 total
» buildings
| Altar of Elders | 4 | |
| Moon Well | 6 | |
| Ancient of War | 2 | |
| Hunter's Hall | 1 | |
| Tree of Ages | 1 | |
| Ancient of Wonders | 1 | |
| Ancient of Lore | 2 | |
| Ancient Protector | 2 | |
| Tree of Eternity | 1 | |
| Tree of Life | 1 | |
21 total
» build order
00:08 Altar of Elders
00:14 Moon Well
00:48 Ancient of War
01:02 Ancient of War
01:36 Moon Well
02:14 Hunter's Hall
02:37 Moon Well
02:41 Moon Well
03:54 Moon Well
05:02 Tree of Ages
06:30 Ancient of Wonders
07:43 Moon Well
09:06 Ancient of Lore
09:44 Ancient of Lore
10:13 Ancient Protector
11:46 Tree of Eternity
13:00 Ancient Protector
33:26 Tree of Life
34:53 Altar of Elders
40:38 Altar of Elders
41:13 Altar of Elders
» items
| Scroll of Town Portal | 4 | |
| Orb of Venom | 1 | |
5 total

»
urjustfukinsuck (
yellow | 60 APM | 2049 actions | 34:02)
7 Keeper of the Grove
3 Force of Nature
3 Entangling Roots
1 Tranquility
» actions
| Assign group hotkey | 56 | |
| Basic commands | 167 | |
| Build / train | 72 | |
| ESC pressed | 2 | |
| Enter build submenu | 30 | |
| Enter hero's abilities submenu | 7 | |
| Right click | 439 | |
| Select / deselect | 373 | |
| Select group hotkey | 788 | |
| Use ability | 115 | |
2049 total
» units
| Wisp | 26 | |
| Chimaera | 6 | |
| Hippogryph | 2 | |
| Dryad | 12 | |
46 total
» upgrades
| Strength of the Wild | 3 | |
| Reinforced Hides | 3 | |
| Corrosive Breath | 1 | |
| Abolish Magic | 1 | |
| Well Spring | 1 | |
| Ultravision | 1 | |
10 total
» buildings
| Altar of Elders | 1 | |
| Moon Well | 9 | |
| Tree of Life | 4 | |
| Tree of Ages | 1 | |
| Hunter's Hall | 1 | |
| Tree of Eternity | 1 | |
| Ancient of Wind | 3 | |
| Chimaera Roost | 3 | |
| Ancient of Wonders | 1 | |
| Ancient of Lore | 3 | |
27 total
» build order
00:05 Altar of Elders
00:06 Moon Well
01:54 Tree of Life
02:00 Tree of Life
02:56 Tree of Ages
03:32 Hunter's Hall
03:34 Moon Well
04:19 Moon Well
04:20 Moon Well
05:18 Tree of Eternity
05:26 Ancient of Wind
05:54 Ancient of Wind
06:19 Ancient of Wind
08:03 Chimaera Roost
08:10 Chimaera Roost
08:30 Chimaera Roost
08:45 Ancient of Wonders
09:31 Moon Well
09:38 Moon Well
09:42 Moon Well
10:59 Tree of Life
14:18 Ancient of Lore
14:51 Ancient of Lore
16:04 Moon Well
16:05 Moon Well
18:50 Ancient of Lore
19:55 Tree of Life
» items
| Potion of Healing | 1 | |
| Scroll of Town Portal | 3 | |
| Potion of Mana | 1 | |
5 total

»
BUHBYE (
teal | 45 APM | 2668 actions | 59:25)
5 Blademaster
2 Wind Walk
3 Critical Strike
1 Shadow Hunter
1 Healing Wave
» actions
| Assign group hotkey | 40 | |
| Basic commands | 264 | |
| Build / train | 33 | |
| ESC pressed | 1 | |
| Enter build submenu | 13 | |
| Enter hero's abilities submenu | 6 | |
| Give item / drop item | 1 | |
| Right click | 910 | |
| Select / deselect | 149 | |
| Select group hotkey | 1171 | |
| Use ability | 80 | |
2668 total
» units
» upgrades
| Pillage | 1 | |
| Berserker Strength | 1 | |
| Melee Weapons | 1 | |
| Armor | 1 | |
4 total
» buildings
| Altar of Storms | 1 | |
| Orc Burrow | 4 | |
| Barracks | 1 | |
| Voodoo Lounge | 1 | |
| Stronghold | 2 | |
| War Mill | 1 | |
| Beastiary | 2 | |
| Watch Tower | 2 | |
14 total
» build order
00:33 Altar of Storms
00:36 Orc Burrow
00:59 Barracks
02:02 Orc Burrow
02:44 Voodoo Lounge
03:28 Orc Burrow
04:34 Stronghold
04:35 Stronghold
04:56 War Mill
05:46 Orc Burrow
07:13 Beastiary
07:14 Beastiary
07:33 Watch Tower
08:25 Watch Tower
» items
ITakeYourAdvice (
blue | 60 APM | 3549 actions | 59:21)
8 Mountain King
3 Storm Bolt
3 Bash
1 Avatar
1 Thunder Clap
» actions
| Assign group hotkey | 40 | |
| Basic commands | 230 | |
| Build / train | 133 | |
| ESC pressed | 1 | |
| Enter build submenu | 34 | |
| Enter hero's abilities submenu | 8 | |
| Remove unit from queue | 4 | |
| Right click | 1192 | |
| Select / deselect | 631 | |
| Select group hotkey | 1168 | |
| Use ability | 108 | |
3549 total
» units
| Peasant | 14 | |
| Footman | 4 | |
| Goblin Shredder | 1 | |
| Goblin Zeppelin | 1 | |
| Gryphon Rider | 23 | |
43 total
» upgrades
| Swords | 3 | |
| Animal War Training | 1 | |
| Storm Hammers | 1 | |
| Armor | 3 | |
| Masonry | 3 | |
| Magic Sentry | 1 | |
| Sorceress Training | 2 | |
| Priest Training | 2 | |
| Control Magic | 1 | |
| Lumber Harvesting | 2 | |
19 total
» buildings
| Altar of Kings | 1 | |
| Farm | 10 | |
| Barracks | 1 | |
| Scout Tower | 8 | |
| Arcane Tower | 3 | |
| Arcane Vault | 2 | |
| Keep | 2 | |
| Lumber Mill | 2 | |
| Blacksmith | 1 | |
| Castle | 1 | |
| Gryphon Aviary | 4 | |
| Town Hall | 4 | |
| Guard Tower | 19 | |
| Arcane Sanctum | 1 | |
59 total
» build order
00:05 Altar of Kings
00:10 Farm
00:46 Barracks
00:55 Scout Tower
01:17 Farm
01:45 Arcane Tower
01:57 Farm
02:36 Arcane Vault
02:46 Scout Tower
03:15 Keep
04:14 Farm
04:22 Arcane Tower
04:44 Lumber Mill
04:49 Blacksmith
05:46 Castle
05:51 Farm
06:27 Gryphon Aviary
06:38 Gryphon Aviary
08:19 Town Hall
08:20 Scout Tower
08:49 Farm
10:46 Guard Tower
10:48 Guard Tower
10:54 Guard Tower
11:25 Guard Tower
11:48 Guard Tower
12:31 Guard Tower
12:57 Town Hall
13:53 Guard Tower
14:13 Farm
14:16 Farm
14:20 Gryphon Aviary
14:22 Gryphon Aviary
14:28 Guard Tower
14:59 Guard Tower
15:00 Guard Tower
15:41 Guard Tower
15:59 Guard Tower
20:31 Farm
20:32 Farm
20:43 Town Hall
20:45 Scout Tower
20:45 Scout Tower
20:47 Scout Tower
20:50 Scout Tower
21:28 Keep
21:37 Guard Tower
21:38 Guard Tower
22:26 Guard Tower
23:31 Guard Tower
24:04 Guard Tower
24:04 Guard Tower
24:09 Guard Tower
26:39 Town Hall
31:24 Arcane Vault
32:32 Arcane Sanctum
32:43 Lumber Mill
34:54 Scout Tower
35:30 Arcane Tower
» items
| Scroll of Regeneration | 7 | |
| Ivory Tower | 18 | |
| Scroll of Town Portal | 5 | |
| Orb of Fire | 2 | |
32 total
Chat log
(00:46 / Allies) bathroom.brb.: mine
(00:48 / Allies) wargod_101i: k
(00:59 / Allies) gaybotgaylord: mine
(01:07 / Allies) bathroom.brb.: if you go bloodmage knock out meh trees oj,
(01:12 / Allies) JeDI_Adrian: pink ill help u creep iot
(01:19 / Allies) JeDI_Adrian: it
(03:16 / Allies) bathroom.brb.: WYNVERNS bats niggas
(03:24 / Allies) wargod_101i: rifles morts
(03:29 / Allies) JeDI_Adrian: gryph
(03:33 / Allies) bathroom.brb.: come oj i need a shredder
(04:26 / Allies) bathroom.brb.: atta boy
(06:03 / Allies) JeDI_Adrian: green nooo :(
(06:07 / Allies) JeDI_Adrian: im ena punk
(06:08 / Allies) JeDI_Adrian: pink
(06:10 / Allies) JeDI_Adrian: lemme expo?
(06:16 / Allies) JeDI_Adrian: ty
(08:57 / Allies) wargod_101i: lol
(09:22 / Allies) wargod_101i: coming back purp
(10:50 / Allies) wargod_101i: main
(11:04 / Allies) JeDI_Adrian: peons
(11:15 / Allies) bathroom.brb.: gold
(12:01 / Allies) JeDI_Adrian: tp
(12:51 / Allies) gaybotgaylord: who has air?
(12:58 / Allies) bathroom.brb.: tp purple
(13:57 / Allies) bathroom.brb.: godl?
(14:25 / Allies) JeDI_Adrian: lets hit
(14:31 / Allies) bathroom.brb.: hit green
(14:54 / Allies) wargod_101i: red
(15:02 / Allies) bathroom.brb.: meet
(15:03 / Allies) bathroom.brb.: meet
(15:10 / Allies) bathroom.brb.: help
(15:12 / Allies) bathroom.brb.: purple
(15:36 / All) BUHBYE: NICE SUICIDE GREEN!
(15:49 / Allies) bathroom.brb.: GOLD
(16:01 / Allies) bathroom.brb.: meet
(16:07 / Allies) JeDI_Adrian: LETS END THIS SHIT
(16:20 / Allies) JeDI_Adrian: FIGHT
(16:25 / Allies) JeDI_Adrian: KILL CHIMS
(17:21 / Allies) bathroom.brb.: ignore
(17:22 / Allies) bathroom.brb.: pruple
(17:23 / Allies) bathroom.brb.: base
(17:24 / Allies) JeDI_Adrian: just hit
(17:25 / Allies) bathroom.brb.: go hit green
(18:10 / All) JeDI_Adrian: lol red tking
(18:13 / All) ITakeYourAdvice: raped
(18:29 / All) JeDI_Adrian: lmfao
(18:30 / All) JeDI_Adrian: red
(18:32 / All) JeDI_Adrian: kill yourself
(18:41 / All) ITakeYourAdvice: why so mad?
(18:57 / Allies) JeDI_Adrian: rofl
(19:17 / All) JeDI_Adrian: gg
(19:21 / All) ITakeYourAdvice: gg gtfo scrub
(19:25 / All) JeDI_Adrian: whoever is reds friend
(19:26 / All) JeDI_Adrian: is a bitch
(19:29 / All) ITakeYourAdvice: lol
(19:29 / All) JeDI_Adrian: lol blue youre BAD
(19:32 / All) bathroom.brb.: LEAVE FAG
(19:32 / All) ITakeYourAdvice: orly
(19:42 / All) JeDI_Adrian: youre so bad
(19:44 / All) JeDI_Adrian: kid
(19:47 / All) ITakeYourAdvice: oh i see
(19:56 / All) ITakeYourAdvice: At least I'm not 313-294 that is laughable
(20:00 / All) JeDI_Adrian: enjoy fuckboys
(20:03 / All) ITakeYourAdvice: I will
(20:05 / All) ITakeYourAdvice: Friend
(20:06 / All) bathroom.brb.: LEAVE NOOB LAWL
(20:38 / Allies) bathroom.brb.: hit yellow
(20:47 / Allies) bathroom.brb.: dont tp
(20:51 / Allies) bathroom.brb.: purple is a stabber
(22:38 / Allies) bathroom.brb.: yea purple
(22:40 / Allies) bathroom.brb.: i decide who wins
(22:42 / Allies) bathroom.brb.: or loses
(24:43 / All) bathroom.brb.: how is teal bm still alive
(25:57 / Allies) bathroom.brb.: kill yellow
(25:58 / Allies) bathroom.brb.: stay pink
(27:01 / Allies) gaybotgaylord: why let me die?
(27:05 / Allies) bathroom.brb.: coming
(27:06 / Allies) bathroom.brb.: hold on
(27:27 / Allies) gaybotgaylord: what was the benefit of that?
(28:03 / Allies) bathroom.brb.: blue is my inside man
(28:07 / Allies) gaybotgaylord: you fags wont even be able to kill their buildings
(28:10 / Allies) gaybotgaylord: undefended
(28:11 / Allies) bathroom.brb.: i will kill yellow
(28:34 / Allies) gaybotgaylord: red its you against 3
(28:37 / Allies) gaybotgaylord: gl faggort
(29:14 / All) BUHBYE: oih and green joins him in pointless suicide
(29:17 / All) BUHBYE: well done guys!
(29:22 / All) BUHBYE: nice suicid!
(29:28 / All) BUHBYE: really good work!
(29:33 / All) ITakeYourAdvice: ya
(29:48 / All) bathroom.brb.: ok listne up everybody
(29:57 / All) bathroom.brb.: blue and i are friends, u have equal chance at victory
(30:21 / All) ITakeYourAdvice: Standoff?
(30:31 / All) bathroom.brb.: yes
(30:36 / All) bathroom.brb.: purple really wants the win
(30:46 / All) ITakeYourAdvice: Everyone, listen up
(30:51 / All) ITakeYourAdvice: Red and I will kill everything
(30:54 / All) ITakeYourAdvice: Including our own stuff
(31:01 / All) ITakeYourAdvice: We wil leave only 2 buildings
(31:03 / All) ITakeYourAdvice: And no units
(31:06 / All) ITakeYourAdvice: Best internet wins
(31:08 / All) ITakeYourAdvice: Sound fair?
(32:03 / Allies) gaybotgaylord: ?
(32:17 / Allies) gaybotgaylord: what a faggot
(34:02 / All) ITakeYourAdvice: nigger internet
(37:11 / All) bathroom.brb.: nigga
(37:24 / All) bathroom.brb.: start kiling my shit i dont want purple to get a win
(37:32 / All) bathroom.brb.: my base i mean
(37:33 / All) ITakeYourAdvice: k
(37:44 / All) bathroom.brb.: god ur team was awful
(37:49 / All) ITakeYourAdvice: yeah
(37:52 / All) ITakeYourAdvice: especially teal and green
(37:55 / All) ITakeYourAdvice: yellow was clueless
(38:28 / All) bathroom.brb.: remember jedi_adrian
(38:29 / All) bathroom.brb.: purple
(38:35 / All) bathroom.brb.: he is stab on site
(42:20 / Allies) gaybotgaylord: blu Im ;eading red to your town
(42:28 / Allies) bathroom.brb.: lawl
(42:53 / All) gaybotgaylord: now kill him
(43:03 / All) bathroom.brb.: teal bm left and then we do standoff
(43:08 / All) ITakeYourAdvice: Why would I do that? It's going to be a standoff. Want me to explain again?
(43:13 / All) ITakeYourAdvice: Everything dies, including our own stuff
(43:17 / All) ITakeYourAdvice: Last one to leave wins
(43:19 / All) ITakeYourAdvice: Best internet
(43:21 / All) ITakeYourAdvice: Sound fair?
(43:28 / All) gaybotgaylord: im going to go afk for a few hours; check back tomorrow
(43:38 / All) ITakeYourAdvice: Good, that's how you win standoffs
(43:40 / All) gaybotgaylord: Ill dedicate this computer for the win
(44:03 / All) gaybotgaylord: it wont be a standoff
(44:11 / All) gaybotgaylord: red mostly killed himself
(44:15 / All) ITakeYourAdvice: lol
(44:32 / All) gaybotgaylord: he destroyed all his towers
(44:45 / All) ITakeYourAdvice: He can use mine
(44:46 / All) gaybotgaylord: so technically 1 peasant could kill him
(44:51 / All) ITakeYourAdvice: We will kill both of their stuff with my towers
(45:02 / All) gaybotgaylord: no he is killing his own buildings
(45:02 / All) bathroom.brb.: are u guys this phucking ignorant?
(45:03 / All) ITakeYourAdvice: and my own of course
(45:07 / All) bathroom.brb.: blue and i are partners
(45:10 / All) bathroom.brb.: u have been fooled
(45:16 / All) ITakeYourAdvice: They're oblivious
(48:10 / Allies) gaybotgaylord: re
(48:12 / All) gaybotgaylord: red
(48:16 / All) bathroom.brb.: yes
(48:18 / All) gaybotgaylord: you have been betrayed
(48:27 / All) ITakeYourAdvice: oh really?
(49:20 / All) gaybotgaylord: red
(49:26 / All) gaybotgaylord: where are you from?
(49:33 / All) bathroom.brb.: canada
(49:46 / All) gaybotgaylord: me too; maybe I can give you a beating
(49:53 / All) ITakeYourAdvice: Province, pink?
(50:00 / All) gaybotgaylord: ont
(50:04 / All) gaybotgaylord: let me guess
(50:16 / All) gaybotgaylord: you fags are blockheads
(50:27 / All) ITakeYourAdvice: no, skinheads
(50:31 / All) ITakeYourAdvice: we hate niggers
(50:43 / All) gaybotgaylord: so do bloques
(53:30 / All) ITakeYourAdvice: 23 hp jesus
(53:58 / All) ITakeYourAdvice: Finally
(54:08 / All) bathroom.brb.: no lawl
(54:09 / All) ITakeYourAdvice: 24 hp again
(55:55 / All) ITakeYourAdvice: Nigger bm
(55:56 / All) bathroom.brb.: finally fuck
(56:04 / All) bathroom.brb.: kill my shit
(56:06 / All) ITakeYourAdvice: Your team has 0 food 0w orkers?
(56:35 / All) ITakeYourAdvice: You have no way of making units right?
(56:43 / All) ITakeYourAdvice: No food, no gold or no production
(56:50 / All) ITakeYourAdvice: Ok I'll get your burrows for you sir
(57:14 / All) ITakeYourAdvice: Pretty decent standoff, chat wasn't anything special but a 4 man standoff is great
(59:10 / All) ITakeYourAdvice: Ok
(59:12 / All) ITakeYourAdvice: Good luck everyone
(59:15 / All) bathroom.brb.: person with best internet wins
(59:15 / All) ITakeYourAdvice: May the best Internet win
(59:19 / All) ITakeYourAdvice: LET IT BEGIN, LET IT BEGIN